 Dungeon Crawl Stone Soup version 0.18.1-2-ga659475 (webtiles) character file.

58783 Medar the Unseen (level 14, -8/108 HPs)
             Began as a Vampire Venom Mage on May 9, 2016.
             Was a High Priest of Dithmenos.
             Mangled by a dire elephant (30 damage)
             ... on level 8 of the Lair of Beasts.
             The game lasted 01:42:09 (26607 turns).

Medar the Unseen (Vampire Venom Mage)              Turns: 26607, Time: 01:42:10

Health: -8/108     AC:  0    Str:  7    XL:     14   Next: 50%
Magic:  19/23      EV: 34    Int: 19    God:    Dithmenos [*****.]
Gold:   975        SH:  0    Dex: 23    Spells: 5 memorised, 10 levels left

rFire  . . .     SeeInvis +     (weapon currently unavailable)
rCold  + + .     Gourm    .     (armour currently unavailable)
rNeg   + + +     Faith    .     (shield currently unavailable)
rPois  +         Spirit   .     (helmet currently unavailable)
rElec  .         Dismiss  .     (cloak currently unavailable)
rCorr  .         Reflect  .     (gloves currently unavailable)
SustAt .         Harm     .     (boots currently unavailable)
MR     +++..                    J - amulet "Jehearuorph" {rPois MR++ Regen+}
Stlth  ++++++++++               (ring currently unavailable)
                                (ring currently unavailable)

@: bat-form, flying, regenerating slowly, wreathed by umbra, very quick,
extremely resistant to hostile enchantments, uncannily stealthy
A: fangs 3, see invisible, (unbreathing)
a: End Transformation, Shadow Step, Shadow Form, Renounce Religion


You were on level 8 of the Lair of Beasts.
You worshipped Dithmenos.
Dithmenos was extremely pleased with you.
You were near bloodless.
You were in vampire-bat-form.
You visited 3 branches of the dungeon, and saw 18 of its levels.
You also visited: Ice Cave.

You collected 975 gold pieces.

Inventory:

Hand Weapons
 a - a +2 short sword of electrocution (melded)
 b - a +2 dagger of protection
 t - a +0 blowgun
Missiles
 d - 4 javelins (quivered)
 M - 38 poisoned needles
 T - 11 curare-tipped needles
Armour
 o - a +0 cloak (melded)
 p - a +0 robe (melded)
 B - a +0 helmet (melded)
 O - a +1 pair of gloves (melded)
 W - a +0 pair of boots (melded)
Magical Staves
 P - an uncursed staff of conjuration {!a}
Rods
 G - a +2 lightning rod (11/11)
   (You found it on level 5 of the Lair of Beasts)
Jewellery
 g - a +2 ring of slaying (melded)
 q - an uncursed ring of teleportation
 v - an uncursed ring of resist corrosion
 J - the amulet "Jehearuorph" (around neck) {rPois MR++ Regen+}
   (You found it on level 7 of the Lair of Beasts)

   [amulet of regeneration]

   It protects you from poison.
   It affects your resistance to hostile enchantments.
   It increases your rate of regeneration.
 R - a ring of protection from fire (melded)
 X - an uncursed ring of flight
Wands
 j - a wand of iceblast (3/15)
 k - a wand of iceblast (5/15)
 H - a wand of paralysis (8/24)
 I - a wand of iceblast (8/15)
 L - a wand of polymorph (1/24)
 S - a wand of acid (0/15)
 U - a wand of lightning (4/15)
Scrolls
 e - 3 scrolls of recharging
 l - 3 scrolls of fog
 r - a scroll of amnesia {unknown}
 s - a scroll of enchant weapon
 u - 4 scrolls of teleportation
 x - a scroll of acquirement {unknown}
 A - a scroll of vulnerability {unknown}
 C - 2 scrolls of magic mapping {@r3}
 D - a scroll of fear {unknown}
 N - 6 scrolls of remove curse {@r1}
 V - 2 scrolls of enchant armour
 Y - 2 scrolls of blinking
Potions
 c - 28 potions of blood
 f - 3 potions of might
 i - 5 potions of cancellation
 n - 5 potions of haste
 w - a potion of beneficial mutation
 y - a potion of magic {unknown}
 E - a potion of heal wounds
 F - 3 potions of brilliance
 K - a potion of agility
 Z - 2 potions of mutation {!q}
Books
 h - a book of the Warp

   Spells                             Type                      Level
   a - Recall                         Summoning/Translocation      3
   b - Gell's Gravitas                Hexes/Translocation          3
   c - Force Lance                    Conjuration/Translocation    4
   d - Warp Weapon                    Charms/Translocation         5
   e - Summon Forest                  Summoning/Translocation      5
 z - a book of Envenomations

   Spells                             Type                      Level
   a - Spider Form                    Transmutation/Poison         3
   b - Olgreb's Toxic Radiance        Poison                       4
   c - Alistair's Intoxication        Transmutation/Poison         5
   d - Poisonous Cloud                Conjuration/Poison/Air       6
Miscellaneous
 Q - a phial of floods


   Skills:
 + Level 9.0 Fighting
 - Level 12.0 Short Blades
 - Level 7.0 Armour
 + Level 11.7 Dodging
 + Level 15.8 Stealth
 - Level 6.0 Spellcasting
 - Level 1.9 Conjurations
 - Level 6.5 Transmutations
 - Level 2.0 Air Magic
 - Level 9.2 Poison Magic


You had 10 spell levels left.
You knew the following spells:

 Your Spells              Type           Power        Failure   Level  Hunger
c - Olgreb's Toxic Radia  Pois           #####...     2%          4    ####...
d - Alistair's Intoxicat  Trmt/Pois      #####...     14%         5    #####..
s - Mephitic Cloud        Conj/Pois/Air  ###.....     8%          3    ##.....
x - Sting                 Conj/Pois      ####         1%          1    None
P - Cure Poison           Pois           #####.....   1%          2    None


Dungeon Overview and Level Annotations

Branches:
Dungeon (9/15)             Temple (1/1) D:5            Lair (8/8) D:9
  Swamp (0/4) Lair:4        Snake (0/4) Lair:6        Slime (0/6) Lair:8
    Orc: D:9-12

Altars:
Ashenzari
Cheibriados
Dithmenos
Elyvilon
Fedhas
Gozag
Kikubaaqudgha
Makhleb
Nemelex Xobeh
Okawaru
Pakellas
Qazlal
Ru
Sif Muna
Trog
Vehumet
Xom
Yredelemnul
Zin
The Shining One
Jiyva

Annotations:
D:5 Rationalist's ghost, amateur DsBe
D:9 Erolcha; profreshinal's ghost, novice TeAr
Lair:1 exclusions: hydra and ice statue
Lair:6 Rupert


Innate Abilities, Weirdness & Mutations

You heal slowly.
You have razor-sharp teeth.
You have supernaturally acute eyesight.
((You can survive without breathing.))


Message History

The dire elephant is heavily wounded.
You puncture the dire elephant!
The dire elephant is heavily wounded.
The dire elephant is engulfed in noxious fumes.
The dire elephant tramples you!!
* * * LOW HITPOINT WARNING * * *
You hold your ground!
The dire elephant barely misses you.
The dire elephant is engulfed in noxious fumes.
The dire elephant is engulfed in noxious fumes.
You turn into a vampire bat.
Your +2 short sword of electrocution melds into your body.
Your +0 cloak melds into your body.
Your +0 helmet melds into your body.
Your +1 pair of gloves melds into your body.
Your +0 pair of boots melds into your body.
Your +0 robe melds into your body.
Your +2 ring of slaying melds into your body.
Your ring of protection from fire melds into your body.
Your +2 short sword of electrocution stops crackling.
The dire elephant tramples you!!
You die...

.................................
........................♣..Y.....
.......♣####♣.......♣########+++#
......########♣....###...........
.....##......##♣♣###...#####8.⌠.8
.....##......# ####.###..###...#
.....##.?.P..####....#.....######
.....#######'#.Yb.####..÷..##?...
......# ♣♣#...####..#..÷..#)?...
PPP...# #...#.#.....'.....#|!...
..PP.## ♣#..§8.......##...###=...
.#PP..###.♣♣.############## ####
#.......###.♣# .#....### ###
###.#.#


You could see a dire elephant.

Vanquished Creatures
  A frost giant (IceCv)
  Nessos (Lair:7)
  2 dire elephants (Lair:8)
  3 hydras
  An anaconda (Lair:8)
  7 death yaks
  Sonja (Lair:3)
  5 lindwurms
  23 elephants
  3 griffons
  11 black mambas
  2 torpor snails (Lair:5)
  9 komodo dragons
  15 spiny frogs
  A rime drake (Lair:8)
  The ghost of dadoka the Chiller, a novice OpIE of Vehumet (D:6)
  16 polar bears
  A troll (D:9)
  16 blink frogs
  A spriggan (Lair:7)
  39 yaks
  Eustachio (D:4)
  5 basilisks
  8 hippogriffs
  A human (D:7)
  Menkaure (D:6)
  Duvessa (D:6)
  A naga (Lair:6)
  13 water moccasins
  A sky beast (D:9)
  6 porcupines
  3 orc warriors
  A black bear (D:5)
  7 ice beasts
  2 wasps
  2 ogres
  A necrophage (D:8)
  2 phantoms
  4 centaurs
  22 wolves
  16 crocodiles
  A big kobold (D:8)
  Blork the orc (D:4)
  20 giant frogs
  A gnoll sergeant (D:6)
  2 scorpions
  Dowan (D:6)
  A howler monkey (D:9)
  2 electric eels
  A crimson imp (D:6)
  A giant frog zombie (D:9)
  3 hounds
  5 orc priests
  Crazy Yiuf (D:4)
  A gnoll shaman (D:6)
  A jelly (D:8)
  A centaur skeleton (D:9)
  A giant frog skeleton (D:6)
  2 orc wizards (D:7)
  9 iguanas
  6 worker ants
  2 killer bee zombies
  24 sheep
  2 hound zombies
  A hound skeleton (D:9)
  2 worker ant zombies (D:6)
  12 adders
  13 gnolls
  74 river rats
  A shadow imp (D:6)
  13 white imps
  An adder zombie (D:6)
  An adder skeleton (D:4)
  3 worms
  6 giant geckos
  21 orcs
  2 giant cockroaches
  20 goblins
  5 hobgoblins
  5 jackals
  3 quokkas
  A ball python (D:3)
  8 bats
  A giant gecko zombie (D:9)
  2 giant newts (D:2)
  12 kobolds
  A quokka skeleton (D:3)
  A quokka zombie (D:9)
  5 rats
  7 plants
567 creatures vanquished.

Vanquished Creatures (others)
  6 polar bears (IceCv)
  29 fungi
  23 plants
58 creatures vanquished.

Grand Total: 625 creatures vanquished

Notes
Turn   | Place    | Note
--------------------------------------------------------------
     0 | D:1      | Medar the Vampire Venom Mage began the quest for the Orb.
     0 | D:1      | Reached XP level 1. HP: 13/13 MP: 3/3
   588 | D:1      | Reached skill level 1 in Conjurations
   595 | D:1      | Reached XP level 2. HP: 17/19 MP: 0/5
  1288 | D:2      | Reached XP level 3. HP: 24/24 MP: 4/6
  1385 | D:2      | Found an ancient bone altar of Kikubaaqudgha.
  1473 | D:2      | Reached skill level 1 in Short Blades
  1554 | D:2      | Learned a level 3 spell: Mephitic Cloud
  1763 | D:2      | Reached skill level 1 in Air Magic
  1804 | D:2      | Found a snail-covered altar of Cheibriados.
  2004 | D:3      | Reached XP level 4. HP: 30/30 MP: 4/7
  2529 | D:3      | Found a glowing silver altar of Zin.
  2529 | D:3      | Found a bloodstained altar of Trog.
  2557 | D:3      | Reached XP level 5. HP: 24/35 MP: 0/8
  2766 | D:2      | Learned a level 4 spell: Olgreb's Toxic Radiance
  3280 | D:4      | Noticed an ogre
  3359 | D:4      | Reached skill level 1 in Fighting
  3359 | D:4      | Reached XP level 6. HP: 37/43 MP: 6/9
  3501 | D:4      | Reached skill level 4 in Stealth
  3710 | D:4      | Noticed Eustachio
  3967 | D:4      | Found a bloodstained altar of Trog.
  4007 | D:4      | Noticed Blork the orc
  4067 | D:4      | Reached skill level 5 in Stealth
  4180 | D:5      | Entered Level 5 of the Dungeon
  4202 | D:5      | Noticed Rationalist's ghost (amateur DsBe)
  4273 | D:5      | Found a staircase to the Ecumenical Temple.
  4280 | D:5      | Got a transparent dagger
  4281 | D:5      | Identified the +1 dagger of Tenacity {venom, rC+} (You found it on level 5 of the Dungeon)
  4785 | D:5      | Found a blossoming altar of Fedhas.
  4873 | D:5      | Reached XP level 7. HP: 50/50 MP: 1/10
  4960 | D:6      | Noticed dadoka's ghost (novice OpIE)
  5269 | D:4      | Killed Eustachio
  5379 | D:4      | Killed Blork the orc
  5379 | D:4      | Reached skill level 5 in Short Blades
  5379 | D:4      | Reached skill level 6 in Stealth
  5402 | D:4      | Noticed Crazy Yiuf
  5408 | D:4      | Killed Crazy Yiuf
  5879 | D:6      | Found a radiant altar of Vehumet.
  6134 | D:6      | Noticed Dowan
  6230 | D:6      | Noticed Duvessa
  6235 | D:6      | Killed Dowan
  6271 | D:6      | Killed Duvessa
  6271 | D:6      | Reached XP level 8. HP: 50/56 MP: 5/11
  6274 | D:6      | Reached skill level 7 in Stealth
  6278 | D:6      | Noticed Menkaure
  7060 | D:6      | Found a shattered altar of Ashenzari.
  7171 | D:6      | Reached skill level 8 in Stealth
  7198 | Temple   | Entered the Ecumenical Temple
  7614 | D:6      | Reached skill level 5 in Dodging
  7685 | D:6      | Killed dadoka's ghost
  7810 | D:7      | Reached XP level 9. HP: 57/61 MP: 8/12
  8116 | D:6      | Killed Menkaure
  8116 | D:6      | Reached skill level 9 in Stealth
  8192 | D:7      | Found a sparkling altar of Nemelex Xobeh.
  8605 | D:7      | Reached skill level 10 in Stealth
  9698 | D:8      | Found a burning altar of Makhleb.
  9700 | D:8      | Noticed an Executioner
  9704 | D:8      | Noticed a hellwing
  9704 | D:8      | Noticed a hellwing
  9883 | D:8      | Reached skill level 11 in Stealth
  9904 | D:8      | Found a white marble altar of Elyvilon.
 10004 | D:8      | Found a basalt altar of Yredelemnul.
 10170 | D:9      | Reached skill level 10 in Short Blades
 10480 | D:9      | Reached XP level 10. HP: 67/67 MP: 8/13
 10514 | D:9      | Reached skill level 12 in Stealth
 10570 | D:9      | Found an opulent altar of Gozag.
 10602 | D:9      | Found a staircase to the Lair.
 10679 | D:9      | Found a deep blue altar of Sif Muna.
 10756 | D:9      | Noticed profreshinal's ghost (novice TeAr)
 10894 | D:9      | Noticed Erolcha
 11037 | D:9      | Found a shadowy altar of Dithmenos.
 11042 | D:9      | Became a worshipper of Dithmenos the Shadowed
 11369 | D:9      | Found a deep blue altar of Sif Muna.
 11486 | Lair:1   | Entered Level 1 of the Lair of Beasts
 11486 | Lair:1   | Noticed a spiny frog
 11492 | Lair:1   | Noticed a spiny frog
 11852 | Lair:1   | Reached skill level 13 in Stealth
 11865 | Lair:1   | Killed a spiny frog
 11880 | Lair:1   | Noticed an eight-headed hydra
 11945 | Lair:1   | Killed a spiny frog
 12257 | Lair:1   | Reached * piety under Dithmenos
 12717 | Lair:1   | Reached skill level 14 in Stealth
 12867 | Lair:1   | Noticed a black mamba
 13384 | Lair:1   | Noticed a six-headed hydra
 13846 | Lair:1   | Reached skill level 15 in Stealth
 13887 | Lair:1   | Killed a black mamba
 13887 | Lair:1   | Reached XP level 11. HP: 69/72 MP: 11/14
 13929 | Lair:1   | Reached skill level 1 in Armour
 14332 | Lair:1   | Reached ** piety under Dithmenos
 14738 | Lair:2   | Noticed an eight-headed hydra
 15430 | Lair:3   | Reached *** piety under Dithmenos
 15862 | Lair:2   | Reached skill level 5 in Fighting
 15956 | Lair:2   | Learned a level 2 spell: Cure Poison
 16263 | Lair:3   | Noticed Sonja
 16384 | Lair:3   | Noticed a lindwurm
 16452 | Lair:3   | Reached XP level 12. HP: 78/87 MP: 15/15
 16969 | Lair:3   | Reached skill level 5 in Armour
 17438 | Lair:3   | Killed Sonja
 17487 | Lair:3   | Reached **** piety under Dithmenos
 17574 | Lair:4   | Found a staircase to the Swamp.
 17645 | Lair:4   | Noticed an eight-headed hydra
 17648 | Lair:4   | Killed an eight-headed hydra
 17648 | Lair:4   | Reached skill level 10 in Dodging
 18791 | Lair:5   | Found a frozen archway.
 18880 | IceCv    | Entered an ice cave
 19594 | IceCv    | Noticed a death yak
 19612 | IceCv    | Killed a death yak
 19815 | IceCv    | Reached XP level 13. HP: 67/98 MP: 9/16
 20085 | IceCv    | Noticed a frost giant
 20238 | IceCv    | Killed a frost giant
 20248 | IceCv    | Reached ***** piety under Dithmenos
 20546 | Lair:4   | Reached skill level 5 in Poison Magic
 21289 | Lair:5   | Learned a level 5 spell: Alistair's Intoxication
 21815 | Lair:6   | Noticed Rupert
 21847 | Lair:6   | Found a staircase to the Snake Pit.
 23134 | Lair:7   | Reached skill level 1 in Transmutations
 23373 | Lair:7   | Noticed Nessos
 23679 | Lair:7   | You fall through a shaft!
 23679 | Lair:8   | Entered Level 8 of the Lair of Beasts
 23693 | Lair:7   | Got a twitching iron amulet
 23695 | Lair:7   | Identified the amulet "Jehearuorph" {rPois MR++ Regen+} (You found it on level 7 of the Lair of Beasts)
 23798 | Lair:7   | Reached XP level 14. HP: 104/106 MP: 17/21
 23988 | Lair:7   | Reached skill level 5 in Spellcasting
 24007 | Lair:7   | HP: 3/106 [Nessos/arrow (22)]
 24008 | Lair:7   | HP: 1/106 [poisoned by Nessos]
 24335 | Lair:7   | Killed Nessos
 24922 | Lair:8   | Reached skill level 5 in Transmutations
 25253 | Lair:8   | Found a viscous altar of Jiyva.
 25254 | Lair:8   | Found a staircase to the Slime Pits.
 26607 | Lair:8   | Mangled by a dire elephant

Skill      XL: |  1  2  3  4  5  6  7  8  9 10 11 12 13 14 |
---------------+-------------------------------------------+-----
Conjurations   | 1 |  1.9
Short Blades   | 1 2 4 6 8 10 12 | 12.0
Air Magic      | 2 |  2.0
Poison Magic   | 4 8 9 |  9.2
Fighting       | 1 2 5 8 9 |  9.0
Stealth        | 5 6 8 11 15 | 15.8
Dodging        | 3 5 6 8 11 | 11.7
Armour         | 4 7 |  7.0
Spellcasting   | 4 6 |  6.0
Transmutations | 4 6 |  6.5

Action                   |  1- 3 |  4- 6 |  7- 9 | 10-12 | 13-15 || total
-------------------------+-------+-------+-------+-------+-------++-------
Melee: Dagger            |     8 |   119 |   481 |   381 |    10 ||   999
       Unarmed           |     1 |       |       |       |       ||     1
       Bite              |     1 |    13 |    50 |   106 |    96 ||   266
       Short sword       |       |       |       |   706 |   758 ||  1464
 Fire: Blowgun           |       |       |       |       |     7 ||     7
Throw: Javelin           |     1 |       |       |       |       ||     1
 Cast: Sting             |    73 |   135 |    91 |    62 |    76 ||   437
       Mephitic Cloud    |       |     2 |    25 |    45 |    38 ||   110
       Olgreb's Toxic Ra |       |       |       |       |     2 ||     2
Invok: Shadow Step       |       |       |       |     1 |     1 ||     2
 Abil: Bat Form          |       |     2 |     1 |     3 |     5 ||    11
       End Transformatio |       |     2 |     1 |     3 |     4 ||    10
Evoke: Wand              |       |       |     8 |    12 |     5 ||    25
       Rod               |       |       |       |     5 |     3 ||     8
       Phial of floods   |       |       |       |     1 |       ||     1
  Use: Scroll            |       |     7 |    10 |     8 |    10 ||    35
       Potion            |       |     4 |     8 |    13 |     7 ||    32
 Stab: Sleeping          |       |     3 |    10 |    49 |    35 ||    97
       Confused          |       |     1 |    18 |    41 |    19 ||    79
       Distracted        |       |       |     1 |    10 |     7 ||    18
Armor: Robe              |    18 |    40 |    48 |    83 |    36 ||   225
Dodge: Dodged            |    51 |    74 |   200 |   614 |   417 ||  1356
